TKirby, chaotic male elven Wizard --------------- |..............# ----- --------- |.............| |...| #..#.....| |.............. |....##### ###|.......| |.............| |*..| # # |..[....| -------------|- |...| ### ### |.......| # |...| # # #........| # |...| ### ###-.------- # --.-- # # ### # #########*# ### # ----- @## # #------ # ### ##.....########B#f##############|.....###### # # |...| # ## #+....| -------.- ### |*..| -------|------ |...{| |.......| # |...-### |............| |..<.| |.....>..### |...|#####|............| ------ |.......| -----# ###|............| |........############ #-...........>| --------- -------------- TKirby the Conjurer Experience level: 3 Strength: 9 Dexterity: 12 Constitution: 16 Intelligence: 19 Wisdom: 8 Charisma: 12 Health: 0(26) Energy: 13(32) Def: 2 Gold: 342 Moves: 2147 Dungeon seed: Uy0i7O-WWevtFDPS Game ID: TKirby_1506096738 Your Inventory: Coins $ - 342 gold pieces Weapons a - a blessed +1 quarterstaff (weapon in hands) Armor e - an uncursed +0 cloak of magic resistance (being worn) r - an uncursed +0 elven leather helm (being worn) Scrolls i - a blessed scroll of light j - an uncursed scroll of magic mapping k - an uncursed scroll of identify q - an uncursed scroll of fire s - an uncursed scroll of light x - a blessed scroll of create monster Spellbooks l - a blessed spellbook of force bolt m - an uncursed spellbook of jumping t - an uncursed spellbook of light Potions f - a potion of holy water g - an uncursed potion of levitation w - an uncursed potion of healing Rings c - an uncursed ring of poison resistance d - an uncursed +1 ring of increase damage Wands b - a wand of create monster (0:15) p - a wand of slow monster (0:4) Tools n - an uncursed wooden harp o - an uncursed oil lamp (0:1431) u - an uncursed skeleton key v - an uncursed tin whistle Spells and supernatural/magical abilities: Name Level Category Fail Memory a - force bolt 1 attack 0% 90% j - jumping 1 escape 0% 90% l - light 1 divination 0% 95% W - pray for help -- divine ? -- Your skills at the end: Fighting Skills Weapon Skills quarterstaff [Basic] Spellcasting Skills attack spells [Basic] enchantment spells [Basic] Final Attributes: You were piously aligned. You were magic-protected. You had infravision. You are dead. Vanquished creatures: a shrieker a floating eye a giant bat 2 iguanas a coyote 2 hobbits a large kobold a red mold 2 geckos 2 jackals a fox 2 goblins 5 sewer rats 3 grid bugs a bat 2 lichens 8 newts 36 creatures vanquished. Voluntary challenges: You had did not eat until turn 2080. You had followed a strict vegan diet until turn 2080. You had followed a strict vegetarian diet until turn 2080. You used a wielded weapon 25 times, starting on turn 193. You read items or engraved 1 time, starting on turn 1086. You never genocided any monsters. You never polymorphed an object. You never changed form. You used no wishes. You never split a pudding. You never wrote Elbereth's name. You never violated your personal moral code. Dungeon overview: The Dungeons of Doom: levels 1 to 4 Level 1 a long staircase Level 2 a general store, a sink Level 3 Level 4 <- You were here a fountain, a sink a long staircase History has recorded: On T:1 you entered the Dungeons of Doom to retrieve the Amulet of Yendor! On T:575 you reached level 2 of The Dungeons of Doom. On T:708 you advanced to experience level 2. On T:1299 you reached level 3 of The Dungeons of Doom. On T:1469 you advanced to experience level 3. On T:1748 you reached level 4 of The Dungeons of Doom. Score breakdown: Gold: 342 ( 8624 points) Experience: 3 levels ( 7878 points) Exploration: 4 levels ( 7.84%) ( 7348 points) Discoveries: 2 items ( 0.72%) ( 2553 points) Valuables value: (no points given unless you survive) Artifact value: 0 ( 0 points) Variety of kills: 17 monsters ( 4.46%) ( 6336 points) Turncount: 2147 turns ( -105 points) Survival: died (score multiplied by 80%) Total score: 26107 Latest messages: The iguana bites maple. The iguana bites! Maple bites the iguana. The iguana is killed! You hear the footsteps of a guard on patrol. You hear a slow drip. You bump into maple. (2x) You stop. Maple is in the way! Your head is spinning too badly to explore. You stop. Maple is in the way! You bump into the iguana. The iguana bites! You attack thin air. (2x) The iguana bites! You attack thin air. Maple misses the iguana. Maple bites the iguana. The iguana misses maple. The iguana bites! Maple bites the iguana. The iguana is killed! You feel a bit steadier now. The bat just misses! The bat bites! (4x) You die... Final status: Goodbye TKirby the Wizard, killed by a bat... You died in The Dungeons of Doom on dungeon level 4 with 26107 points, and 342 pieces of gold, after 2147 moves. You were level 3 with a maximum of 26 hit points when you died.